Cogmind - Beta 16 --- EXPLORER MODE // 2025.11.18 @ 09:33:49 Player: K.K.Y. Result: Destroyed by X-67 Chaingunner with Heavy Machine Gun Performance ------------- Evolutions (5) 2500 Regions Visited (9) 1800 Robots Destroyed (277) 1385 Value Destroyed (10773) 10773 Prototype IDs (39) 780 Alien Tech Used (0) 0 Bonus (1482) 1482 TOTAL SCORE: 18720 Bonus ------- Follower Combat Kills 730 Registered with UFD 300 Met Optimus in HQ 500 Friendly Fire -48 Cogmind --------- Core Integrity 0/1000 Matter 37/300 Energy 100/100 System Corruption 4% Temperature Cool (0) Movement Core (1350) Ox26 Location -5/Factory Parts ------- > --- POWER (2) -------- (None) > --- PROPULSION (6) --- (None) > --- UTILITY (8) ------ Huge Storage Unit Machine Analyzer Authchip [R/Combat] A0-MCA's Component Scanner > --- WEAPON (2) ------- (None) > --- INVENTORY (25) --- Huge Storage Unit Long-range Sensor Array Improved Terrain Scanner Surveybot 17 Chip Improved Target Analyzer Energy Filter Improved Hacking Suite System Shield Authchip [R/Combat] Authchip [Power] Authchip [Power] Relay Coupler [Sentry] (29) Relay Coupler [Hunter] (21) Relay Coupler [Behemoth] (14) Improved Lightning Gun Improved Arc Projector High-powered Field Laser Disruptor Cannon KE Penetrator Improved Remote Datajack Mining Laser CPS Tube (2) Chainsword Peak State ------------ > --- POWER ------------ Micro Fission Core Micro Fission Core > --- PROPULSION ------- Armored Medium Treads Flexi-carbon Leg Flexi-carbon Leg Flexi-carbon Leg Flexi-carbon Leg Myomer Leg > --- UTILITY ---------- Advanced Cooling System Huge Storage Unit Matter Compressor Machine Analyzer Experimental Signal Interpreter Armor Integrity Analyzer Powered Armor A0-MCA's Component Scanner > --- WEAPON ----------- Cooled Particle Cannon Cooled Particle Cannon > --- INVENTORY -------- Heavy Treads Huge Storage Unit Improved Terrain Scanner Surveybot 17 Chip Energy Filter Improved Hacking Suite System Shield Authchip [R/Combat] Authchip [R/Combat] Authchip [Power] Authchip [Power] Authchip [Propulsion] Authchip [Device] Relay Coupler [Sentry] Relay Coupler [Hunter] Relay Coupler [Behemoth] Heavy EM Shotgun Tesla Rifle EM Pulse Cannon Disruptor Cannon Improved Remote Datajack Mining Laser CPS Tube Chainsword [Rating: 105] Favorites ----------- Power Cooled Ion Engine Engine Cooled Ion Engine Power Core Micro Fission Core Reactor Light Antimatter Reactor Propulsion Spiked Medium Treads Treads Spiked Medium Treads Leg Flexi-carbon Leg Hover Unit Cooled Gravmag System Flight Unit Improved VTOL Module Utility Huge Storage Unit Device Advanced Sensor Array Storage Huge Storage Unit Processor A0-MCA's Component Scanner Hackware Authchip [R/Combat] Protection Improved Light Armor Plating Weapon Improved Heavy Machine Gun Energy Gun 01-MTF's Shockpuncher Energy Cannon Cooled Particle Cannon Ballistic Gun Improved Heavy Machine Gun Ballistic Cannon Heavy Flak Cannon Launcher Advanced EMP Blaster Special Weapon Plasma Cutter Slashing Weapon Scythe Build | -11 -10 -9 -8 -8 -8 -8 -6 -6 -5 ------- Run | Yrd Mat Mat Mat Sto Rec Scr Fac Ext Fac Slots Evolved 11 | . 1 2 2 . . . 4 . 2 Power 1 | . . . . . . . 1 . . Propulsion 4 | . 1 1 . . . . 2 . . Utility 6 | . . 1 2 . . . 1 . 2 Weapon . | . . . . . . . . . . Parts Attached 169 | 7 5 16 16 24 3 9 24 5 60 Power 26 | 1 1 1 1 3 . 1 2 3 13 Engine 12 | 1 1 1 1 2 . 1 2 1 2 Core 13 | . . . . 1 . . . 2 10 Reactor 1 | . . . . . . . . . 1 Propulsion 51 | 2 1 3 5 7 2 4 8 1 18 Treads 36 | 2 1 3 5 6 . 4 8 1 6 Leg 12 | . . . . . . . . . 12 Wheel . | . . . . . . . . . . Hover 2 | . . . . . 2 . . . . Flight 1 | . . . . 1 . . . . . Utility 47 | 2 2 6 5 5 . 4 3 1 19 Device 18 | . . . 3 3 . 1 3 . 8 Storage 6 | 1 2 1 . . . . . . 2 Processor 5 | . . . . . . 3 . . 2 Hackware 4 | . . . . . . . . . 4 Protection 14 | 1 . 5 2 2 . . . 1 3 Artifact . | . . . . . . . . . . Weapon 45 | 2 1 6 5 9 1 . 11 . 10 Energy Gun 15 | 1 . 3 2 4 1 . 3 . 1 Energy Cannon 8 | . . . 1 2 . . 2 . 3 Ballistic Gun 11 | 1 1 3 2 2 . . 1 . 1 Ballistic Cannon 3 | . . . . . . . 1 . 2 Launcher 2 | . . . . 1 . . . . 1 Special Weapon 4 | . . . . . . . 2 . 2 Impact Weapon . | . . . . . . . . . . Slashing Weapon 2 | . . . . . . . 2 . . Piercing Weapon . | . . . . . . . . . . Special Melee Weapon . | . . . . . . . . . . Unidentified Prototypes 13 | . 2 2 2 5 2 . . . . Corrupted Parts 1 | . . . . . . . . . 1 System Corruption 1 | . . . . . . . . . 1 Parts Lost 50 | . . 3 3 3 . . 4 1 36 Power 9 | . . . . . . . 1 . 8 Propulsion 15 | . . 1 3 . . . 1 . 10 Utility 16 | . . 1 . 3 . . 1 1 10 Weapon 10 | . . 1 . . . . 1 . 8 Highest Loss Streak 6 | . . 1 1 1 . . 2 1 6 To Critical Strikes . | . . . . . . . . . . Average Backups 23 | . 7 21 24 24 25 23 24 24 24 Power 1 | . 1 3 2 2 2 2 1 . . Propulsion . | . . . . . . . . . . Utility 9 | . 1 10 9 6 6 7 10 11 14 Weapon 10 | . 4 7 11 16 17 12 10 12 7 Tool/Special . | . . . . . . . . . . Unused Backups 64 | . 1 6 9 1 . 6 5 1 35 Power 1 | . . 1 . . . . . . . Propulsion 1 | . . . . . . . 1 . . Utility 31 | . 1 3 8 . . . . 1 18 Weapon 29 | . . 2 1 1 . 6 4 . 15 Tool/Special 2 | . . . . . . . . . 2 Average Slot Usage (%) 89 | . 99 80 89 95 89 93 90 97 78 Engine 5 | . 12 10 8 6 . 5 8 6 1 Core 2 | . . . . 1 8 2 . 5 6 Treads 26 | . 36 35 27 30 30 25 33 34 9 Leg 1 | . . . . . . . . . 7 Device 10 | . . . 12 24 25 11 11 7 9 Storage 8 | . 12 10 8 8 8 8 6 6 8 Processor 11 | . . . . . . 19 18 18 18 Protection 4 | . 12 6 16 5 . . . 4 2 Energy Gun 5 | . 12 10 8 6 8 8 4 . . Energy Cannon 1 | . . . 2 3 . . . . 6 Ballistic Gun 5 | . 12 8 5 5 8 8 5 6 . Peak Build Rating 105 | 7 15 25 38 47 54 70 95 92 105 Average Rating 59 | 5 10 17 34 42 42 64 81 88 85 On Entrance 41 | . 7 15 22 36 42 48 70 89 89 Avg Prop Armor Cover (%) 8 | . . . . . . 5 . . 9 Naked Turns . | . . . . . . . . . . Heaviest Build 148 | 22 96 100 111 117 98 98 114 117 148 Greatest Support 185 | 40 60 80 91 91 91 104 185 185 183 Greatest Overweight (x) 38 | . 1 1 2 38 4 3 . . 31 Average Overweight (x) . | . . 1 1 1 1 . . . 1 Largest Inventory Capacity 25 | 10 25 25 25 25 25 25 25 25 25 Average Capacity 24 | 9 14 25 25 25 25 25 25 25 25 Most Carried 25 | 5 15 25 25 25 25 25 25 25 25 Average Carried 23 | . 7 22 24 24 25 23 24 24 24 Final Capacity 25 | 10 25 25 25 25 25 25 25 25 25 Final Carried 25 | . 15 21 25 25 25 25 25 25 23 Class Distribution -------------------- 58% | Hacker-Mutant 30% | Hacker-Skirmisher 4% | Scavenger-Mutant 4% | Hacker-Assassin Dominant Class ---------------- Hacker-Mutant | -10/Materials Hacker-Mutant | -9/Materials Hacker-Mutant | -8/Materials Hacker-Mutant | -8/Storage Hacker-Mutant | -8/Recycling Hacker-Skirmisher | -8/Scraptown Hacker-Skirmisher | -6/Factory Hacker-Mutant | -6/Extension Hacker-Mutant | -5/Factory Resources | -11 -10 -9 -8 -8 -8 -8 -6 -6 -5 ----------- Run | Yrd Mat Mat Mat Sto Rec Scr Fac Ext Fac Matter Collected 5396 | 217 161 536 449 487 30 205 977 661 1673 Remotely . | . . . . . . . . . . Salvage Created 12873 | . 300 1624 2080 2481 . . 1539 958 3891 Parts 642 | . 16 104 111 121 . . 89 42 159 Haulers Intercepted 19 | . 1 4 4 6 . . 1 . 3 Recyclers Shooed 15 | . . 1 3 3 . . 6 . 2 Parts Field Recycled . | . . . . . . . . . . Retrieved Matter . | . . . . . . . . . . Parts Self-Destructed . | . . . . . . . . . . Prevented . | . . . . . . . . . . Parts Restored . | . . . . . . . . . . Kills | -11 -10 -9 -8 -8 -8 -8 -6 -6 -5 ------- Run | Yrd Mat Mat Mat Sto Rec Scr Fac Ext Fac Combat Hostiles Destroyed 206 | . 3 33 33 35 . . 24 14 64 Melee 2 | . . . . . . . 2 . . Guns 129 | . 3 32 28 17 . . 22 14 13 Cannons 63 | . . . 5 15 . . . . 43 AOE 4 | . . 1 . 2 . . . . 1 Classes Destroyed 17 | . 5 4 2 2 . . 1 . 3 Worker 15 | . 2 3 3 3 . . 3 . 1 Builder 6 | . . . 1 2 . . 2 1 . Tunneler 1 | . . . . . . . . . 1 Hauler 19 | . 1 4 4 6 . . 1 . 3 Recycler 7 | . 1 1 1 1 . . 1 1 1 Mechanic 1 | . . . . 1 . . . . . Operator 6 | . . 1 1 . . . 3 . 1 Drone 8 | . . . . 6 . . 2 . . Watcher 16 | . 2 5 3 2 . . 2 . 2 Swarmer 25 | . . 13 3 . . . 8 1 . Grunt 105 | . 3 8 20 30 . . 7 8 29 Brawler 5 | . . 2 1 1 . . . . 1 Duelist 1 | . . . . . . . . . 1 Sentry 30 | . . 10 7 4 . . 3 4 2 Specialist 2 | . . . . . . . . . 2 Hunter 14 | . . . 2 . . . 3 1 8 Programmer 24 | . . . . . . . 3 . 21 Best Kill Streak 9 | . 4 5 6 9 . . 6 4 8 Combat Bots Only 8 | . 3 3 6 4 . . 4 4 8 Max Kills in Single Turn 6 | . 2 2 2 6 . . 2 1 2 Gunslinging 1 | . . 1 . . . . 1 . . Exploded 2 | . . 1 . 2 . . . . 1 Melee 1 | . . . . . . . 1 . . Uniques/NPCs Destroyed . | . . . . . . . . . . Combat | -11 -10 -9 -8 -8 -8 -8 -6 -6 -5 -------- Run | Yrd Mat Mat Mat Sto Rec Scr Fac Ext Fac Hostile Shots Fired 1939 | . 20 192 200 155 2 . 366 215 789 Missed 609 | . 5 57 41 60 1 . 138 73 234 Hits 1330 | . 15 135 159 95 1 . 228 142 555 Melee 22 | . . . 2 . . . . 4 16 Projectile 1308 | . 15 135 157 95 1 . 228 138 539 AOE 3 | . . . . . . . . . 3 Critical Strikes 49 | . . 3 9 3 . . 5 5 24 Damage Taken 13426 | . 100 1035 1599 1009 62 . 1720 891 7010 Core 1620 | . 6 143 118 97 . . 175 70 1011 Absorbed by Shields 376 | . . . . . . . . 376 . Ignored by Resistances 8384 | . 65 662 967 651 34 . 1074 789 4142 Core Remaining (%) 78 | 100 97 64 . . . 60 . 71 . Volleys Fired 908 | . 21 110 115 105 1 . 135 130 291 Largest 2 | . 2 2 2 2 2 . 2 2 2 Hottest 151 | . 73 112 118 120 65 . 120 50 151 Shots Fired 1457 | . 42 207 227 210 2 . 205 138 426 Gun 1035 | . 42 207 203 139 2 . 177 132 133 Cannon 386 | . . . 24 70 . . 3 . 289 Launcher 3 | . . . . 1 . . . . 2 Special 33 | . . . . . . . 25 6 2 Kinetic 750 | . 21 124 91 45 1 . 129 132 207 Thermal 545 | . 21 80 115 74 . . 43 6 206 Explosive . | . . . . . . . . . . Electromagnetic 160 | . . 3 21 91 1 . 33 . 11 Robot Hit Streak 71 | . 23 41 71 40 3 . 48 49 46 Robot Miss Streak 3 | . 1 2 2 2 . . 3 2 2 Penetration Max 2 | . . . 1 . . . 1 2 2 Secondary Targets 22 | . . 7 9 1 . . 5 . . Max Gunslinging Chain 1 | . . 1 1 1 . . 1 . . Shots Hit Robots 1187 | . 33 179 197 153 2 . 139 112 372 Core Hits 567 | . 14 66 80 103 1 . 74 41 188 Critical Kills 6 | . . 1 . . . . . 2 3 Critical Parts Destroyed 9 | . . . . . . . . 7 2 Critical Strikes 39 | . . 3 11 . . . 2 9 14 Burn 15 | . . 2 11 . . . 1 . 1 Meltdown 3 | . . . . . . . . . 3 Destroy 12 | . . 1 . . . . . 9 2 Blast 8 | . . . . . . . . . 8 Corrupt 1 | . . . . . . . 1 . . Melee Attacks 21 | . . . . . . . 19 2 . Impact . | . . . . . . . . . . Slashing 21 | . . . . . . . 19 2 . Piercing . | . . . . . . . . . . Sneak Attacks 7 | . . . . . . . 5 2 . Combat Hostiles . | . . . . . . . . . . Follow-up Attacks . | . . . . . . . . . . Damage Inflicted 29615 | . 452 2667 4095 4611 56 . 4115 2749 10870 Guns 17718 | . 452 2559 3658 2324 47 . 3486 2586 2606 Cannons 9577 | . . . 350 1373 . . . . 7854 Explosions 1365 | . . 56 41 870 . . . . 398 Melee 757 | . . . . . . . 627 130 . Ramming 176 | . . 52 46 44 9 . 2 11 12 Kinetic 13486 | . 218 1619 1554 500 25 . 1957 2586 5027 Thermal 10858 | . 234 957 2071 2130 . . 254 22 5190 Explosive 104 | . . . . 104 . . . . . Electromagnetic 4234 | . . 39 424 1833 22 . 1275 . 641 Impact . | . . . . . . . . . . Slashing 757 | . . . . . . . 627 130 . Piercing . | . . . . . . . . . . Highest Corruption 14 | . 1 . . . . . 2 4 14 Average Corruption 4 | . 1 . . . . . 1 2 6 Corruption Purged 14 | . . . . . . . . . 14 Corruption Blocked . | . . . . . . . . . . Effects 195 | . 4 . . . . . 13 40 138 Message Errors 49 | . 2 . . . . . 3 4 40 Matter Fused 43 | . 2 . . . . . 3 8 30 Heat Flow Errors 27 | . . . . . . . 3 7 17 Energy Discharges 26 | . . . . . . . 2 8 16 Parts Rejected 3 | . . . . . . . . 1 2 Parts Fused 5 | . . . . . . . . 3 2 Data Loss (minor) 12 | . . . . . . . 2 3 7 Data Loss (major) 12 | . . . . . . . . 3 9 Misfires 8 | . . . . . . . . 2 6 Alerts 5 | . . . . . . . . 1 4 Weapon Failures 5 | . . . . . . . . . 5 Overload Shots . | . . . . . . . . . . Overflow Damage 214 | . . 6 18 36 . . 58 . 96 Projectiles 114 | . . . 18 . . . . . 96 Explosions 36 | . . . . 36 . . . . . Melee 64 | . . 6 . . . . 58 . . Knockbacks 54 | . . . . 1 . . . . 53 Impact 1 | . . . . 1 . . . . . Kinetic 52 | . . . . . . . . . 52 Secondary 1 | . . . . . . . . . 1 Self-Inflicted Damage 197 | . . 16 79 102 . . . . . Shots 10 | . . 1 2 7 . . . . . Rammed 15 | . . 1 3 6 1 . 1 2 1 Targets Rammed 16 | . . 2 3 6 1 . 1 2 1 Kicked . | . . . . . . . . . . Crushed 1 | . . 1 . . . . . . . Highest Temperature 272 | . 270 96 135 29 . . 246 260 272 Average Temperature 58 | . 81 26 40 8 . . 55 91 61 Received Heat Transfer 6212 | . 90 570 1134 846 12 . 594 414 2552 Effects 1 | . . . . . . . . 1 . Energy Bleed 1 | . . . . . . . . 1 . Siege Activations . | . . . . . . . . . . Martial Activations . | . . . . . . . . . . Shielding Activations . | . . . . . . . . . . Robots Disrupted 4 | . . . . . . . 4 . . Combat Hostiles 3 | . . . . . . . 3 . . Robots Corrupted 3 | . . 1 . 1 . . . . 1 Combat Hostiles 2 | . . . . 1 . . . . 1 Parts Fried 28 | . . 2 1 12 . . 11 1 1 Impact Corruptions 2 | . . 1 1 . . . . . . Robots Melted 7 | . . . . . . . . . 7 Combat Hostiles 6 | . . . . . . . . . 6 Parts Melted 48 | . . 6 6 3 . . 1 1 31 Heat Transferred 18751 | . 666 2764 4551 3444 . . 555 74 6697 Parts Sabotaged . | . . . . . . . . . . Parts Stolen . | . . . . . . . . . . Parts Stripped . | . . . . . . . . . . Power Chain Reactions 11 | . . 1 1 9 . . . . . Alert | -11 -10 -9 -8 -8 -8 -8 -6 -6 -5 ------- Run | Yrd Mat Mat Mat Sto Rec Scr Fac Ext Fac Maximum Alert Level . | . . . . . . . . . . Low Security (%) 100 | 100 100 100 100 100 100 . 100 100 100 Level 1 . | . . . . . . . . . . Level 2 . | . . . . . . . . . . Level 3 . | . . . . . . . . . . Level 4 . | . . . . . . . . . . Level 5 . | . . . . . . . . . . High Security . | . . . . . . . . . . Max Security . | . . . . . . . . . . Peak Influence 183 | . 62 120 90 143 3 . 105 183 150 Initial 10 | . . . . 3 . . . . 10 Average 16 | . 3 18 12 31 . . 12 27 15 Influence Increases 6866 | . 121 964 1008 1065 3 . 829 1103 1773 Destroy 0b10 Robot/C 4540 | . 60 660 660 700 . . 500 680 1280 Destroy 0b10 Robot/NC 380 | . 30 70 65 75 . . 60 35 45 Destroy Leader 1114 | . 16 208 174 156 . . 146 124 290 Allied During Kill 53 | . . . . . . . . 53 . Successful Hack 232 | . 15 12 23 26 3 . 68 43 42 Disable Machine 128 | . . 8 24 44 . . 4 20 28 Destroy Structure 179 | . . 6 47 49 . . 6 43 28 Lose Combat Pursuer 240 | . . . 15 15 . . 45 105 60 Influence Decreases 6866 | . 121 964 994 1079 3 . 829 1074 1802 Entered New Map 30 | . . . . 11 . . . . 19 Time Decay 6211 | . 121 957 974 905 3 . 759 900 1592 Lost Part 278 | . . 7 20 20 . . 40 . 191 Lost Ally 175 | . . . . 50 . . 30 95 . Purge Threat 172 | . . . . 93 . . . 79 . Squads Dispatched 53 | . 1 2 7 7 . . 8 5 23 Investigation 23 | . 1 1 4 4 . . 4 4 5 Extermination 12 | . . . . . . . 4 . 8 Reinforcement 17 | . . 1 2 3 . . . 1 10 Assault . | . . . . . . . . . . Garrison 1 | . . . 1 . . . . . . Intercept . | . . . . . . . . . . Searches Triggered . | . . . . . . . . . . Construction Impeded 1 | . . . . . . . . 1 . Haulers Reinforced 3 | . . . . . . . . . 3 Active Scanning Responses . | . . . . . . . . . . Cargo Convoy Interrupts 1 | . . . . . . . . . 1 Stealth | -11 -10 -9 -8 -8 -8 -8 -6 -6 -5 --------- Run | Yrd Mat Mat Mat Sto Rec Scr Fac Ext Fac Distress Signals 15 | . 1 1 6 2 . . 1 2 2 Communications Jammed . | . . . . . . . . . . Distress Signals . | . . . . . . . . . . Times Spotted 313 | . 10 42 46 48 1 . 38 41 87 Peak Tracking Total 7 | . 4 4 4 4 1 . 6 6 7 Tactical Retreats 12 | . . . 1 1 . . 3 4 3 Traps | -11 -10 -9 -8 -8 -8 -8 -6 -6 -5 ------- Run | Yrd Mat Mat Mat Sto Rec Scr Fac Ext Fac Traps Triggered 7 | . 1 4 1 . . . . . 1 Indirectly . | . . . . . . . . . . Trap Hack Attempts . | . . . . . . . . . . Triggered . | . . . . . . . . . . Disarmed 8 | . 6 . 1 1 . . . . . Reprogrammed 15 | . . . 5 . . . 6 4 . Reused . | . . . . . . . . . . Traps Extracted . | . . . . . . . . . . Installed . | . . . . . . . . . . Triggered . | . . . . . . . . . . Machines | -11 -10 -9 -8 -8 -8 -8 -6 -6 -5 ---------- Run | Yrd Mat Mat Mat Sto Rec Scr Fac Ext Fac Machines Disabled 35 | . . 2 6 11 . . 1 8 7 Max in Single Turn 2 | . . 1 2 2 . . 1 2 1 Garrison Access 2 | . . . 1 . . . 1 . . Energy Cycler 2 | . . . . . . . . 2 . Machines Repaired . | . . . . . . . . . . Machines Dismantled 1 | . . . . . . . . 1 . Machines Sabotaged . | . . . . . . . . . . Overloaded Fab Kills . | . . . . . . . . . . Hacking | -11 -10 -9 -8 -8 -8 -8 -6 -6 -5 --------- Run | Yrd Mat Mat Mat Sto Rec Scr Fac Ext Fac Machines Accessed 69 | . 4 10 9 11 1 3 10 12 9 Terminals 52 | . 4 8 7 10 1 . 7 12 3 Fabricators 4 | . . . . . . . 2 . 2 Repair Stations . | . . . . . . . . . . Recycling Units 1 | . . . . 1 . . . . . Scanalyzers 6 | . . 2 1 . . . . . 3 Garrison Access 3 | . . . 1 . . . 1 . 1 Total Hacks 194 | . 17 24 28 22 3 10 24 27 39 Successful 134 | . 11 18 21 15 1 10 14 15 29 Failed 60 | . 6 6 7 7 2 . 10 12 10 Catastrophic 4 | . . . . . . . . 2 2 Database Lockouts . | . . . . . . . . . . Manual . | . . . . . . . . . . Terminals 132 | . 17 18 23 21 3 . 16 27 7 Fabricators 16 | . . . . . . . 7 . 9 Repair Stations . | . . . . . . . . . . Recycling Units 1 | . . . . 1 . . . . . Scanalyzers 31 | . . 6 4 . . . . . 21 Garrison Access 4 | . . . 1 . . . 1 . 2 Terminal Hacks 89 | . 11 12 16 14 1 10 7 15 3 Record 10 | . . . . . . 10 . . . Part Schematic 6 | . . . . . . . 3 2 1 Robot Analysis 9 | . 1 1 1 . 1 . 2 3 . Prototype ID Bank 2 | . 1 1 . . . . . . . Open Door 12 | . . . . 6 . . 1 5 . Branch Access Points 2 | . . 1 1 . . . . . . Emergency Access Points 8 | . 1 3 4 . . . . . . Machine Index 1 | . . . . 1 . . . . . Terminal Index 1 | . . . . 1 . . . . . Recycling Unit Index 1 | . 1 . . . . . . . . Scanalyzer Index 3 | . . 1 1 1 . . . . . Unreport Threat 2 | . . . . 1 . . . 1 . Locate Traps 6 | . 1 1 1 2 . . . 1 . Disarm Traps 5 | . 2 . 2 1 . . . . . Reprogram Traps 4 | . . . 2 . . . 1 1 . Maintenance Status 1 | . . . . 1 . . . . . Transport Status 1 | . 1 . . . . . . . . Hauler Manifests 1 | . . 1 . . . . . . . Registered Components 2 | . 1 . 1 . . . . . . Registered Prototypes 2 | . 1 1 . . . . . . . Zone Layout 10 | . 1 2 3 . . . . 2 2 Fabricator Hacks 14 | . . . . . . . 6 . 8 Load Schematic 7 | . . . . . . . 3 . 4 Build 7 | . . . . . . . 3 . 4 Repair Station Hacks . | . . . . . . . . . . Recycling Unit Hacks 1 | . . . . 1 . . . . . Report Inventory 1 | . . . . 1 . . . . . Scanalyzer 28 | . . 6 4 . . . . . 18 Insert Component 4 | . . . . . . . . . 4 Analyze 1 | . . . . . . . . . 1 Retrieve Study 23 | . . 6 4 . . . . . 13 Garrison Access Hacks 2 | . . . 1 . . . 1 . . Seal Access 2 | . . . 1 . . . 1 . . Unauthorized Hacks . | . . . . . . . . . . Terminals . | . . . . . . . . . . Fabricators . | . . . . . . . . . . Repair Stations . | . . . . . . . . . . Recycling Units . | . . . . . . . . . . Scanalyzers . | . . . . . . . . . . Garrison Access . | . . . . . . . . . . Data Cores Recovered 3 | . . 1 . . . . 2 . . Used . | . . . . . . . . . . Hacking Detections 37 | . 3 2 6 4 1 . 8 6 7 Full Trace Events 25 | . 1 1 5 4 1 . 4 4 5 Feedback Events 3 | . . . . . . . 1 1 1 Corruption 3 | . . . . . . . 1 1 1 Feedback Blocked . | . . . . . . . . . . Robot Schematics Acquired . | . . . . . . . . . . Robots Built . | . . . . . . . . . . Authchips . | . . . . . . . . . . Time . | . . . . . . . . . . Total Robot Build Rating . | . . . . . . . . . . Part Schematics Acquired 7 | . . . . . . . 3 2 2 Parts Built 9 | . . . . . . . 4 . 5 Authchips 3 | . . . . . . . . . 3 Time 573 | . . . . . . . 292 . 281 Total Part Build Rating 60 | . . . . . . . 28 . 32 Part Studies Acquired 22 | . . 6 4 . . . . . 12 Parts Repaired . | . . . . . . . . . . Time . | . . . . . . . . . . Parts Recycled . | . . . . . . . . . . Recycled Matter . | . . . . . . . . . . Retrieved Matter . | . . . . . . . . . . Retrieved Components . | . . . . . . . . . . Parts Scanalyzed 2 | . . . . . . . . . 2 Part Schematics Acquired 1 | . . . . . . . . . 1 Parts Damaged 1 | . . . . . . . . . 1 Bothacking | -11 -10 -9 -8 -8 -8 -8 -6 -6 -5 ------------ Run | Yrd Mat Mat Mat Sto Rec Scr Fac Ext Fac Used RIF Installer . | . . . . . . . . . . Robots Hacked . | . . . . . . . . . . Non-combat . | . . . . . . . . . . Combat . | . . . . . . . . . . Robot Hacks Applied . | . . . . . . . . . . Relay Couplers Released 3 | . . . . . . . . . 3 Programmers 3 | . . . . . . . . . 3 Fabnet Peak Effective % . | . . . . . . . . . . Robots Rewired 2 | . . . . . . . 2 . . Allies Hacked . | . . . . . . . . . . Hacks Repelled . | . . . . . . . . . . Allies | -11 -10 -9 -8 -8 -8 -8 -6 -6 -5 -------- Run | Yrd Mat Mat Mat Sto Rec Scr Fac Ext Fac Total Allies 10 | . . . . . . . 2 8 . Largest Group 5 | . . . . . . . 1 5 2 Highest-Rated Group 262 | . . . . . . . 32 262 180 Highest-Rated Ally 159 | . . . . . . . 32 159 149 Total Orders . | . . . . . . . . . . Ally Attacks 151 | . . . . . . . 1 149 1 Total Damage 3520 | . . . . . . . 49 3449 22 Kills 26 | . . . . . . . 1 25 . Allies Corrupted . | . . . . . . . . . . Allies Melted . | . . . . . . . . . . Intel | -11 -10 -9 -8 -8 -8 -8 -6 -6 -5 ------- Run | Yrd Mat Mat Mat Sto Rec Scr Fac Ext Fac Active Infowar (turns) 16409 | . . . . 1526 637 4680 3045 2500 4021 Sensors 12512 | . . . . 1526 637 4680 3045 627 1997 Terrain 1 | . . . . . . . . . 1 Machine Analysis 13075 | . . . . . . 3736 3045 2500 3794 Robot Analysis Total 9 | . 1 1 1 . 1 . 2 3 . Derelict Logs Recovered . | . . . . . . . . . . Drone Launches 19 | . . . . 16 . . 3 . . Drone Recoveries 2 | . . . . 2 . . . . . Exploration | -11 -10 -9 -8 -8 -8 -8 -6 -6 -5 ------------- Run | Yrd Mat Mat Mat Sto Rec Scr Fac Ext Fac Turns Passed 24689 | 70 1267 2668 2637 2135 637 4681 3045 2500 5049 Spaces Moved 10005 | 43 691 1099 1048 689 266 2260 1104 1239 1566 Core 21 | 11 . . . 1 . . . . 9 Treads 8915 | 32 691 1099 1048 688 240 1802 1104 1239 972 Legs 585 | . . . . . . . . . 585 Wheels . | . . . . . . . . . . Hover 484 | . . . . . 26 458 . . . Flight . | . . . . . . . . . . Fastest Speed 50 | 50 160 200 190 225 196 162 150 150 152 Average Speed 192 | 131 170 201 212 245 230 181 158 150 228 Slowest Speed 1950 | 160 240 240 236 1950 290 360 163 152 1600 Overloaded Moves . | . . . . . . . . . . Propulsion Burnouts . | . . . . . . . . . . Robots Hopped . | . . . . . . . . . . Potential Cave-ins . | . . . . . . . . . . Cave-ins Triggered . | . . . . . . . . . . Exploration Rate (%) 65 | 3 92 90 86 89 50 90 26 97 35 Regions Visited 9 Branch Regions 4 Pre-discovered Areas . | . . . . . . . . . . Known Exits Taken 9 | 1 1 1 1 1 1 1 1 1 . Unknown Exits Taken . | . . . . . . . . . . Scrap Searched 4 | . . . . . . 4 . . . Spaces Dug 5 | . . . . . . . 5 . . Terrain Destroyed 156 | . . 4 51 41 . . 5 40 15 Melee 3 | . . . . . . . 3 . . Projectile 32 | . . . . 6 . . 2 9 15 AOE 121 | . . 4 51 35 . . . 31 . Terrain Rammed . | . . . . . . . . . . Walls Destroyed . | . . . . . . . . . . Machines Disabled . | . . . . . . . . . . Actions | -11 -10 -9 -8 -8 -8 -8 -6 -6 -5 --------- Run | Yrd Mat Mat Mat Sto Rec Scr Fac Ext Fac Total 13955 | 56 739 1347 1237 926 289 2836 2154 1711 2660 Wait 2445 | . . 87 4 70 14 530 813 309 618 Move 9996 | 42 690 1098 1047 688 265 2259 1103 1238 1566 Hop . | . . . . . . . . . . Pick Up 147 | 7 18 19 24 5 . 15 11 2 46 Fast Attach 71 | . . 3 5 15 3 7 4 3 31 Attach 73 | 7 3 5 4 4 . 2 16 1 31 Detach 31 | . 2 3 3 1 . . 11 . 11 Swap 55 | . 2 8 8 5 . 3 12 4 13 Drop 153 | . 3 12 24 20 5 20 16 4 49 Fire 908 | . 21 110 115 105 1 . 135 130 291 Melee 21 | . . . . . . . 19 2 . Ram . | . . . . . . . . . . Kick . | . . . . . . . . . . Crush 16 | . . 2 3 6 1 . 1 2 1 Escape Stasis 2 | . . . . . . . . . 2 Rewire 18 | . . . . . . . 11 7 . Trap . | . . . . . . . . . . Miscellaneous 19 | . . . . 7 . . 2 9 1 Route ------- -11/Scrapyard -10/Materials (discovered 4 exits: *Mat x3 / *Min) -9/Materials (discovered 3 exits: *Mat x2 / *Min) -8/Materials (discovered 4 exits: *Fac x3 / *Sto) -8/Storage (discovered 2 exits: *Fac / *Rec) -8/Recycling -8/Scraptown (discovered 2 exits: *Fac x2) -6/Factory (discovered 3 exits: *Fac x2 / *Ext) -6/Extension (discovered 3 exits: *Fac x2 / *Cet) -5/Factory (discovered 1 exit: *Upp) History --------- Turn | Location | Event 5 | -11/Scrapyard | Identified exit to Materials 5 | -11/Scrapyard | Discovered exit to Materials (range 16) 71 | -11/Scrapyard | Entered Materials 71 | -10/Materials | Evolved 1 slot: Propulsion x1 72 | -10/Materials | Met a group of wandering Federalists 272 | -10/Materials | Identified exit to Mines 272 | -10/Materials | Discovered exit to Mines (range 7) 314 | -10/Materials | Build established: Hacker-Mutant 535 | -10/Materials | Identified exit to Materials 535 | -10/Materials | Discovered exit to Materials (range 8) 687 | -10/Materials | Discovered exit to Materials (range 12) 1201 | -10/Materials | Discovered exit to Materials (range 9) 1338 | -10/Materials | Entered another Materials area 1338 | -9/Materials | Evolved 2 slots: Propulsion x1, Utility x1 1608 | -9/Materials | Identified exit to Mines 1608 | -9/Materials | Discovered exit to Mines (range 8) 2365 | -9/Materials | Identified exit to Materials 2365 | -9/Materials | Discovered exit to Materials (range 15) 3337 | -9/Materials | Discovered exit to Materials (range 7) 4006 | -9/Materials | Entered another Materials area 4006 | -8/Materials | Evolved 2 slots: Utility x2 4568 | -8/Materials | Garrison activated, responded to threat 4791 | -8/Materials | Identified exit to Factory 4791 | -8/Materials | Discovered exit to Factory (range 7) 5686 | -8/Materials | Discovered exit to Factory (range 7) 6443 | -8/Materials | Discovered exit to Factory (range 3) 6488 | -8/Materials | Identified exit to Storage 6643 | -8/Materials | Entered Storage 8017 | -8/Storage | Discovered exit to Factory (range 6) 8239 | -8/Storage | Lost 3 allies 8240 | -8/Storage | Murdered 5 allies 8655 | -8/Storage | Lost 6 allies 8674 | -8/Storage | Met 01-MTF 8758 | -8/Storage | Identified exit to Recycling 8758 | -8/Storage | Discovered exit to Recycling (range 6) 8778 | -8/Storage | Entered Recycling 8778 | -8/Recycling | Accompanied by 1 ally (01-MTF) 9310 | -8/Recycling | Scanned before Scraplab entrance 9351 | -8/Recycling | Found Prototype Energy Gun 9351 | -8/Recycling | Identified 01-MTF's Shockpuncher 9391 | -8/Recycling | Entered Scraplab 9411 | -8/Recycling | Identified exit to Scraptown 9411 | -8/Recycling | Discovered exit to Scraptown (range 3) 9415 | -8/Recycling | Entered Scraptown 9823 | -8/Scraptown | Visited Assassins FH 9841 | -8/Scraptown | Visited The Evicted 9870 | -8/Scraptown | Visited Comm Corps 9931 | -8/Scraptown | Visited UFD Registry 9931 | -8/Scraptown | Registered with UFD as "Gausscutter" 9957 | -8/Scraptown | Visited Awakened 9994 | -8/Scraptown | Visited Fellowship of the Rings 10080 | -8/Scraptown | Visited Observation Area 10168 | -8/Scraptown | Visited LU-1G1's Boring Crew 10196 | -8/Scraptown | Visited Junk Repository 10251 | -8/Scraptown | Visited A0-MCA Data Center 10264 | -8/Scraptown | Given a C+ rating by A0-MCA 10268 | -8/Scraptown | Found A0-MCA's Component Scanner 10315 | -8/Scraptown | Visited Supply Room 10423 | -8/Scraptown | Visited Supply Room 10480 | -8/Scraptown | Visited Cartography Club 10529 | -8/Scraptown | Visited Infowarlord's Domain 10553 | -8/Scraptown | Found Exp. Signal Interpreter 10612 | -8/Scraptown | Visited Scrapoid Pod Storage 10654 | -8/Scraptown | Visited Abandonware Association 10729 | -8/Scraptown | Learned abandonware demo "REVENGE.EXE" 10729 | -8/Scraptown | Learned abandonware demo "KABOOM.EXE" 10860 | -8/Scraptown | Build established: Hacker-Skirmisher 10963 | -8/Scraptown | Visited Symbiants 12016 | -8/Scraptown | Found Surveybot 17 Chip 12733 | -8/Scraptown | Identified exit to Factory 12733 | -8/Scraptown | Discovered exit to Factory (range 9) 12958 | -8/Scraptown | Visited TADAMA 14012 | -8/Scraptown | Met Optimus 14012 | -8/Scraptown | Accepted into 0bPrime 14090 | -8/Scraptown | Discovered exit to Factory (range 5) 14096 | -8/Scraptown | Entered Factory 14096 | -6/Factory | Evolved 4 slots: Power x1, Propulsion x2, Utility x1 14787 | -6/Factory | Found Powered Armor 14960 | -6/Factory | Identified exit to Factory 14960 | -6/Factory | Discovered exit to Factory (range 11) 15886 | -6/Factory | Fabricated Adv. Medium Treads (x2) 16212 | -6/Factory | Discovered exit to Factory (range 20) 16594 | -6/Factory | Identified exit to Extension 16594 | -6/Factory | Discovered exit to Extension (range 16) 16918 | -6/Factory | Fabricated Adv. Medium Treads (x2) 16968 | -6/Factory | Build established: Hacker-Assassin 17141 | -6/Factory | Entered Extension 17480 | -6/Extension | Rescued a captive Derelict 17481 | -6/Extension | Rescued a captive Derelict 17569 | -6/Extension | Rescued A7 17610 | -6/Extension | Rescued a captive Derelict 17781 | -6/Extension | Spotted B-75 Beast 17813 | -6/Extension | Spotted B-75 Beast 17826 | -6/Extension | Allies destroyed B-75 Beast 17854 | -6/Extension | Allies destroyed B-75 Beast 18071 | -6/Extension | Build established: Hacker-Mutant 18124 | -6/Extension | Rescued a captive Derelict 18326 | -6/Extension | Rescued a captive Derelict 18327 | -6/Extension | Rescued a captive Derelict 18375 | -6/Extension | Rescued a captive Derelict 18489 | -6/Extension | Discovered exit to Factory (range 10) 18490 | -6/Extension | Identified exit to Cetus 18490 | -6/Extension | Discovered exit to Cetus (range 6) 18492 | -6/Extension | Disrupted transfer network 19275 | -6/Extension | Energy Cycler disabled 19437 | -6/Extension | Discovered exit to Factory (range 16) 19641 | -6/Extension | Entered Factory 19641 | -5/Factory | Accompanied by 2 allies (A7) 19641 | -5/Factory | Evolved 2 slots: Utility x2 20410 | -5/Factory | Lost 5 parts (2p1n1u1w) 20413 | -5/Factory | Destroyed 7 combat bots 20564 | -5/Factory | Cargo convoy interrupted 21679 | -5/Factory | Build established: Hacker-Skirmisher 22432 | -5/Factory | Build established: Hacker-Mutant 22501 | -5/Factory | System corruption reached 10% 22795 | -5/Factory | Build established: Scavenger-Mutant 23411 | -5/Factory | Fabricated Lrn. Sensor Array (x2) 23476 | -5/Factory | Fabricated Hvy. Treads (x1) 23544 | -5/Factory | Fabricated Enh. Gauss Cannon (x2) 24025 | -5/Factory | Build established: Hacker-Skirmisher 24184 | -5/Factory | Identified exit to Upper Caves 24184 | -5/Factory | Discovered exit to Upper Caves (range 13) 24240 | -5/Factory | Core integrity fell below 50% 24279 | -5/Factory | Lost 6 parts (2p2n1u1w) 24322 | -5/Factory | Destroyed 8 combat bots 24519 | -5/Factory | Build established: Hacker-Mutant 24664 | -5/Factory | Core integrity fell below 20% 24684 | -5/Factory | Lost 6 parts (1p2n3u) 24690 | -5/Factory | Destroyed by X-67 Chaingunner with Heavy Machine Gun Last Messages --------------- 24648_ K-01 Serf collects debris. 24650_ Acquired 1 matter. 24651_ K-01 Serf collects debris. 24653_ U-05 Engineer builds a Wall. 24653_ VSS Leg destroyed. 24654_ G-50 Soldier suffers critical hit (Blast). 24654_ G-50 Soldier destroyed. 24655_ K-01 Serf collects debris. 24655_ U-05 Engineer builds a Wall. 24659_ K-01 Serf collects debris. 24663_ Knocked back. 24667_ K-01 Serf collects debris. 24668_ Knocked back. 24672_ K-01 Serf collects debris. 24686_ Acquired 35 matter. 24686_ K-01 Serf collects debris. 24687_ Penetrated by Slug. 24687_ Knocked back. 24688_ K-01 Serf destroyed. Map ----- +----------------------------------------------------+ | # """ """ # %"""" #?# % * #???# | | ### ## """ """ =# """" #?##+##+######## | | #?# ## # %""" #### + | | #?# ############# % # | | #?# #??????????## %""" | | #?# #??????????# %""" | | #?# #?########## """" | | #?# #?# # % | | ??# #?# # % [%[ | | ??# #?# #% %%% | | ??# #?# ] [# % | | ??# #?# +% % | | ?? ???? #?# # % ######### | | ??????? ### # % #???????# ###+#### | | ??????? " |# %%##+############### | | ??????? ### #% %+ #?# """ | | ???????####?##########=[ # #?# """ | | ?????????????????????# # #?# """ | | ?????????????????????# # #?# | | ?????????????????????# x # !] #?# """ | | ?????????????????????# # [ #?# """"" | | ????????#########????#!!x################?# """" | | ???????## ###### ![####?????????????# | | ????? #####= ]%u; #?????????????# """ | | ????? ^ u% = =**###?????????????# """"" | | ????? > H %% % @# #????????????# """"" | | ????? %% =% ! ####????????????# | | ?????? ]#####% #???????????????# """ | | ??????### ###########???????????????# """"" | | ??????? #########?????????????????????????# """"" | | ??????? #?????????????????????????????????# | | ??????? #?????????????????????????????????######## | | ??????? #????????????????????????????????????????? | | ??????? #???????????????????????????????"""""""""? | | ??????? #????????????????????????????????????????? | | ??????? #???????????????????????????????"""""""""? | | ??????? #????????????????????????????????????????? | | ??????? #????????????????????????????????????????? | | ??????? #????????????????????????????????????????? | | ??????? #????????????????????????????????????????? | | ?????????????????????????????????????????????????? | | ?????????????????????????????????????????????????? | | ?????????????????????????????????????????????????? | | ?????????????????????????????????????????????????? | | ?????????????????????????????????????????????????? | | ?????????????????????????????????????????????????? | | ??????????????????????????""?????????????????????? | | ??????????????????????????F"?????????????????????? | | ???????????????????????????"?????????????????????? | | ??????????????????????????""?????????????????????? | +----------------------------------------------------+ Best States ------------- Heat Dissipation 71 Energy Generation 34 Energy Capacity 525 Matter Stores 550 Matter Capacity 550 Sight Range 16 Robot Scan Range 18 Terrain Scan Density 10 Additional Mass Support 9 Base Temperature (-) 100 Armor Coverage 625 Resistance: KI 55 Resistance: TH 45 Resistance: EX 35 Resistance: EM 35 Resistance: I 35 Resistance: S 35 Resistance: P 35 Evasion (%) 50 Target Analysis 6 Armor Integrity Analysis 30 Recoil Reduction 6 Matter Filtering 50 Offensive Hacking 20 Authchip Count 7 Item Schematics ----------------- Enh. Coil Gun | -6/Factory | Hacked Adv. Medium Treads | -6/Factory | Hacked Lrn. Sensor Array | -6/Factory | Hacked Railgun | -6/Extension | Hacked Enh. Gauss Cannon | -6/Extension | Hacked Hvy. Treads | -5/Factory | Scanalyzed Imp. Cloaking Device | -5/Factory | Hacked Robot Schematics ------------------ None Fabricated ------------ Adv. Medium Treads | x2 | -6/Factory Adv. Medium Treads | x2 | -6/Factory Lrn. Sensor Array | x2 | -5/Factory | Authchip Hvy. Treads | x1 | -5/Factory | Authchip Enh. Gauss Cannon | x2 | -5/Factory Repaired ---------- Nothing Studied --------- Lgt. Treads | -9/Materials | Hacked Med. Laser | -9/Materials | Hacked Ion Engine | -9/Materials | Hacked Assault Rifle | -9/Materials | Hacked Mining Laser | -9/Materials | Hacked Hvy. Assault Rifle | -9/Materials | Hacked Hpw. Shotgun | -8/Materials | Hacked Adv. Treads | -8/Materials | Hacked Imp. Treads | -8/Materials | Hacked Field Laser | -8/Materials | Hacked Arm. Medium Treads | -5/Factory | Hacked Imp. Remote Datajack | -5/Factory | Hacked Scythe | -5/Factory | Hacked Great Maul | -5/Factory | Hacked Hvy. Flak Cannon | -5/Factory | Hacked EM Pulse Cannon | -5/Factory | Hacked Med. Treads | -5/Factory | Hacked Thermic Laser | -5/Factory | Hacked Tesla Rifle | -5/Factory | Hacked Hvy. Particle Cannon | -5/Factory | Hacked Mic. Fission Core | -5/Factory | Hacked Angular Momentum Engine | -5/Factory | Hacked Alien Tech Used ----------------- None Achievements -------------- Frienemies Official Business Challenges ------------ None Game ------ Seed PhasingGravmagBrace Manual? 0 Play Time 02:17:15 Cumulative 105.7 hours Start 2025.11.17 @ 15:17:07 End 2025.11.18 @ 09:33:49 Sessions 3 Manual Loads 0 Difficulty Explorer Special Mode None Game No. 120 Rogue 0 Adventurer 0 Explorer 120 Win Type - Total 0 Types 0/0/0/0/0/0/0/0/0/0 Lore% 62 Gallery% 60 Achievement% 47 Wizard Run 0 Options --------- Layout 1 ASCII 0 Keyboard 0 Movement Mouse Keybinds 0 Fullscreen 1 Font 24/Smallcaps Map View 50x35 Zoom Use 0% Tactical HUD 1 Map Filters NONE Filters NONE Steam 1 RUN: 0ac4db44-f21b-4b61-9e9a-b1c84c53cf58